cohdb
Replays
Latest Replays
All Replays
Popular Replays
Top Player Replays
Match Explorer
How It Works
Community
CoH3 Stats
Reddit
Sign in to upload your games and track your stats! →
Sign in with Steam
Match 42320556
Unlisted
Match 42320556
Overview
Messages
Build Orders
End
Kettenkrad Recon Vehicle
Construct Infanterie Kompanie
Selects Terror Battlegroup
Grenadier Squad
MG 42 Machine Gun Team
Grenadier Squad
Construct Panzergrenadier Kompanie
Pioneer Squad
251 Medium Carrier
Selects Heavy Gunnery
Panzergrenadier Squad
Panzergrenadier Squad
Pak 40 Anti-tank Gun Team
Support Elements
StuG III G Assault Gun
Nebelwerfer 42 Rocket Launcher Team
StuG III G Assault Gun
LuckiLuke
simranjitsingh713
Bendana(ultra mechanical player)
☣Renu☣
Zurich
Joachim
0
0
Comments
sign in to comment!
No comments posted yet!